 Dungeon Crawl Stone Soup version 0.19-a0-1068-g99dd0f4 (webtiles) character file.

80 Gagarin the Ruffian (level 4, -3/44 HPs)
             Began as a Troll Monk on Aug 4, 2016.
             Killed from afar by an orc wizard (5 damage)
             ... with a magic dart
             ... on level 3 of the Dungeon.
             The game lasted 00:01:59 (1131 turns).

Gagarin the Ruffian (Troll Monk)                    Turns: 1131, Time: 00:02:02

Health: -3/44      AC:  5    Str: 20    XL:     4   Next: 18%
Magic:  3/3        EV: 11    Int:  6    God:
Gold:   99         SH:  0    Dex: 12    Spells: 0 memorised, 3 levels left

rFire  . . .     SeeInvis .       - Unarmed
rCold  . . .     Gourm    +     a - +0 robe
rNeg   . . .     Faith    .     (no shield)
rPois  .         Spirit   .     (helmet restricted)
rElec  .         Dismiss  .     (no cloak)
rCorr  .         Reflect  .     (gloves unavailable)
SustAt .         Harm     .     (boots unavailable)
MR     .....                    (no amulet)
Stlth  +.........               (no ring)
                                (no ring)

@: confused, flying
A: unfitting armour, claws 3, fast metabolism 3, gourmand, regeneration 2,
shaggy fur 1, tough skin 2
a: no special abilities


You were on level 3 of the Dungeon.
You were full.

You visited 1 branch of the dungeon, and saw 3 of its levels.

You collected 99 gold pieces.

Inventory:

Armour
 a - a +0 robe (worn)
Scrolls
 c - a scroll of fog {unknown}
 d - 5 scrolls of remove curse {unknown}
 e - a scroll of enchant armour {unknown}
 j - a scroll of amnesia {unknown}
 l - a scroll of magic mapping {unknown}
Potions
 f - a potion of flight
 g - a potion of haste {unknown}
 h - a potion of berserk rage {unknown}
 i - a potion of resistance {unknown}
 k - 2 potions of curing {unknown}
 o - a potion of agility {unknown}
Comestibles
 b - 2 bread rations
 m - 5 fruits
 n - a meat ration
 p - a beef jerky


   Skills:
 + Level 2.8 Fighting
 + Level 3.2 Dodging
 + Level 1.2 Stealth
 + Level 3.8 Unarmed Combat


You had 3 spell levels left.
You didn't know any spells.

Dungeon Overview and Level Annotations

Branches:
Dungeon (3/15)

Altars:
Cheibriados


Innate Abilities, Weirdness & Mutations

You are too large for most types of armour.
You have claws for hands.
Your metabolism is lightning-fast.
You like to eat raw meat.
You heal very quickly.
You are covered in fur. (AC +1)
You have very tough skin. (AC +2)


Message History

The jackal barely misses you.
You claw the jackal!
You kill the jackal!
Something hits you.
* * * LOW HITPOINT WARNING * * *
The kobold hits you with a dagger.
* * * LOW HITPOINT WARNING * * *
The hobgoblin barely misses you.
You claw something! The goblin closely misses you.
You hear some strange, mumbled words.
You are confused.
The kobold hits you but does no damage.
The hobgoblin hits you but does no damage.
It was a potion of flight.
You feel very buoyant.
You fly up into the air.
The goblin closely misses you.
You hear some strange, mumbled words.
A magic dart appears from out of thin air!
The magic dart hits you!
You die...

#....... ..#
#......####$.#
#......#<....
#............
##.........
#.....$..
#.)g.# #.hg@#
##hK## #.(.o##
.....##.. ##.#
.).. #. ......
#.......
#........
#...:.....


You could see an orc wizard, 2 jackals, a hobgoblin, a goblin and a kobold.

Vanquished Creatures
  2 adders (D:2)
  2 worms
  3 dart slugs
  6 orcs (D:3)
  2 giant cockroaches
  6 goblins
  A hobgoblin (D:2)
  5 jackals
  A quokka (D:3)
  A ball python (D:2)
  3 bats (D:1)
  3 giant newts
  5 kobolds
  3 rats
43 creatures vanquished.

Notes
Turn   | Place    | Note
-------+----------+-------------------------------------------
     0 | D:1      | Gagarin the Troll Monk began the quest for the Orb.
     0 | D:1      | Reached XP level 1. HP: 22/22 MP: 0/0
    74 | D:1      | Reached XP level 2. HP: 29/29 MP: 1/1
   602 | D:2      | Reached XP level 3. HP: 36/36 MP: 2/2
   668 | D:2      | Found a snail-covered altar of Cheibriados.
  1107 | D:3      | Reached XP level 4. HP: 38/44 MP: 3/3
  1129 | D:3      | HP: 1/44 [kobold/dagger (2)]
  1131 | D:3      | Killed from afar by an orc wizard

Vault maps used:
D:1:      lemuel_arrival_hallway
D:2:      old_standard_altar, nicolae_overflow_hidden_temple,
          minmay_misc_feat_room
D:3:      grunt_ministairs_15

Skill      XL: |  1  2  3 |
---------------+----------+-----
Dodging        | 3 |  3.2
Fighting       | |  2.8
Stealth        | |  1.2
Unarmed Combat | |  3.8

Action                   |  1- 3 |  4- 6 || total
-------------------------+-------+-------++-------
Melee: Unarmed           |    96 |    22 ||   118
       Punch             |     2 |       ||     2
  Use: Potion            |       |     1 ||     1
  Eat: Chunk             |    13 |       ||    13
Armor: Robe              |    58 |    33 ||    91
Dodge: Dodged            |    76 |    57 ||   133
